AoeStats
← 30TITI30

Arena

509587617Analyzed
2v2 RM · 4d ago on Sep 27, 2026· 30m 6s· 4 players
Game mode
Random Map
Map size
Medium (4 player)
Population
200
Speed
Normal
Resources
Standard
Victory
Conquest
Starting age
Dark Age
Ending age
Imperial Age
RankedLock teamsTeams togetherTeam positionsShared explorationLock speedFull tech treeHidden civsTurbo modeCheats
Victory
Defeat
🇫🇷 Franks · France
1062
+15
🇫🇷 Saracens · France
1061
+15
🇺🇸 Spanish · United States
1051
-44
🇲🇾 Koreans · Malaysia
1043
-15
说中文
0:44 Loom
12:13 Feudal Age
16:17 Castle Age
15:20 Double-Bit Axe
15:18 Horse Collar
16:37 Town Watch
Dr. Fuguru
8:55 Loom
10:40 Feudal Age
11:58 Double-Bit Axe
18:22 Castle Age
21:23 Pikeman
21:49 Gambesons
22:06 Squires
Breton
7:29 Loom
10:34 Feudal Age
11:49 Double-Bit Axe
11:45 Horse Collar
17:49 Fletching
22:48 Castle Age
24:14 Scale Barding Armor
24:19 Forging
26:02 Bow Saw
30TITI30
7:16 Loom
10:47 Feudal Age
15:20 Castle Age
23:09 Double-Bit Axe
24:53 Scale Mail Armor
26:37 Forging
Connection lost

Rejoining the realm…

Still unreachable

The connection could not be restored.

Session expired

The server has moved on; the page needs a fresh start.